 Dungeon Crawl Stone Soup version 0.31.0-11-ge490571c62 (webtiles) character file.

Game seed: 14791704986309478363

0 Datul the Apothecary (level 1, 0/13 HPs)
             Began as a Demonspawn Alchemist on Jan 29, 2024.
             Slain by a quokka (3 damage)
             ... on level 1 of the Dungeon.
             The game lasted 00:00:42 (58 turns).

Datul the Apothecary (Demonspawn Alchemist)           Turns: 58, Time: 00:00:43

Health: 0/13       AC:  2    Str:  8    XL:     1   Next: 8%
Magic:  1/3        EV: 12    Int: 15    God:
Gold:   22         SH:  0    Dex: 13    Spells: 3/4 levels left

rFire   . . .        (no weapon)
rCold   . . .        (no shield)
rNeg    . . .        a - +0 robe
rPois   .            (no helmet)
rElec   .            (no cloak)
rCorr   .            (no gloves)
SInv    .            (no boots)
Will    .....        (no amulet)
Stlth   ++           (no ring)
HPRegen 0.22/turn    (no ring)
MPRegen 0.08/turn

%: no passive effects
@: very slightly contaminated
A: no striking features
a: no special abilities


You were on level 1 of the Dungeon.
You visited 1 branch of the dungeon, and saw 1 of its levels.

You collected 22 gold pieces.

Inventory:

Armour
 a - a +0 robe (worn)
Scrolls
 c - a scroll of blinking {unknown}
Potions
 b - a potion of magic


   Skills:
 - Level 1.7 Dodging
 - Level 1.7 Stealth
 + Level 2.0 Spellcasting
 + Level 1.0 Conjurations
 + Level 0.0 Air Magic
 + Level 3.0 Alchemy


You had 3 spell levels left.
You knew the following spells:

 Your Spells              Type           Power      Damage    Failure   Level
a - Sting                 Conj/Alch      28%        1d4       10%         1

Your spell library contained the following spells:

 Spells                   Type           Power      Damage    Failure   Level
 Mercury Vapours          Alch/Air       12%        N/A       19%         2
 Mephitic Cloud           Conj/Alch/Air  5%         N/A       36%         3
 Olgreb's Toxic Radiance  Alch           10%        N/A       54%         4
 Sticky Flame             Fire/Alch      6%         2d4       75%         4


Dungeon Overview and Level Annotations

Branches:
Dungeon (1/15) Zot: 5941

Altars:


Message History

Welcome, Datul the Demonspawn Alchemist.
The heart of this dungeon contains the breathtaking artefact, the Orb of Zot.
Press ? for a list of commands and other information.
Found 22 gold pieces and a scroll labelled HEVANO OFRUC.
Found a staircase leading out of the dungeon.
Okay, then.
You now have 8 gold pieces.
You now have 16 gold pieces (gained 8).
You now have 22 gold pieces (gained 6).
c - a scroll labelled HEVANO OFRUC
Found 7 stones.
A quokka and a kobold come into view.
Found a tubular bronze ring.
You can't see any susceptible monsters within range! (Use Z to cast anyway.)
The sting hits the kobold.
The kobold is poisoned.
The kobold is moderately wounded.
The kobold shouts!
You now have 2/3 mp.
You feel a bit more experienced.
You can't see any susceptible monsters within range! (Use Z to cast anyway.)
You can't see any susceptible monsters within range! (Use Z to cast anyway.)
You miscast Sting.
You are very lightly contaminated with residual magic.
Nothing appears to happen.
The quokka bites you.
You take 5 damage, and have 8/13 hp.
MASSIVE DAMAGE!!
You now have 1/3 mp.
The sting hits the quokka.
The quokka is poisoned.
The quokka is moderately wounded.
The quokka bites you but does no damage.
You now have 0/3 mp.
You are out of magic!
You are out of magic!
Unknown command.
You hit the quokka but do no damage.
The quokka is severely wounded.
The quokka bites you.
* * * LOW HITPOINT WARNING * * *
You take 5 damage, and have 3/13 hp.
MASSIVE DAMAGE!!
Unknown command.
The quokka attacks as it pursues you! The quokka bites you.
You die...

#..#≈≈≈#..# ....#
#..#≈≈≈#..#####....#
#..#≈≈≈#.(#........# .
#..#≈≈≈#..#........#..
#..#≈≈S#..#..=.......#
#..#####..#..........#
#.........#.)........#
#.........#...r......#
####...#####.@........
#..................
################... ##


You could see a quokka (poisoned).

Vanquished Creatures
  A kobold (D:1)
1 creature vanquished.

Notes
Turn   | Place    | Note
-------+----------+-------------------------------------------
     0 | D:1      | Datul the Demonspawn Alchemist began the quest for the Orb.
     0 | D:1      | Reached XP level 1. HP: 13/13 MP: 3/3
     6 | D:1      | Noticed an electric eel
    58 | D:1      | Slain by a quokka

Illustrated notes

Levels and vault maps discovered:
D:1:      arrival_aquarium_a, layout_basic, chequers_serial_rivers_micro_c,
          corexii_hall_statues_x

Action                     || total
---------------------------++-------
  Melee: Unarmed           ||     1
   Cast: Sting             ||     2
 Armour: Robe              ||     4
